 Dungeon Crawl Stone Soup version 0.20.1-1-g8b1a95d (webtiles) character file.

11242 HammerPanzer the Bludgeoner (level 11, -4/102 HPs)
             Began as a Minotaur Berserker on Nov 4, 2017.
             Was an Elder of Trog.
             Splashed by a brown ugly thing's acid (8 damage)
             ... on level 11 of the Dungeon.
             The game lasted 00:26:54 (8652 turns).

HammerPanzer the Bludgeoner (Minotaur Berserker)    Turns: 8652, Time: 00:26:55

Health: -4/102     AC: -4    Str: 26    XL:     11   Next: 46%
Magic:  10/10      EV:  7    Int:  6    God:    Trog [****..]
Gold:   1778       SH:  0    Dex: 11    Spells: 10/10 levels left

rFire    . . .     SeeInvis .   N - +0 halberd (venom)
rCold    . . .     Gourm    .   (shield currently unavailable)
rNeg     . . .     Faith    .   L - +0 plate armour
rPois    .         Spirit   .   (helmet restricted)
rElec    +         Reflect  .   n - +0 cloak
rCorr    .         Harm     .   h - +1 pair of gloves
MR       .....     Clarity  +   y - +0 pair of boots
Stlth    ..........             v - amulet of Pizuezxi {rElec Regen+}
Regen    0.7/turn               f - ring of flight
MPRegen  0.2/turn               w - +4 ring of protection

@: corroded
A: retaliatory headbutt, horns 2, clarity, clever 1, deterioration 1, strong 1
a: Berserk, Trog's Hand, Brothers in Arms, Burn Spellbooks, Renounce Religion,
Evoke Flight


You were on level 11 of the Dungeon.
You worshipped Trog.
Trog was greatly pleased with you.
You were not hungry.

You visited 1 branch of the dungeon, and saw 11 of its levels.

You collected 1778 gold pieces.

Inventory:

Hand Weapons
 q - a +0 mace of holy wrath
 B - a +0 dire flail
 N - a +0 halberd of venom (weapon)
Missiles
 d - 8 javelins of penetration (quivered)
Armour
 h - a +1 pair of gloves (worn)
 n - a +0 cloak (worn)
 y - a +0 pair of boots (worn)
 H - the +3 warlock's mirror {reflect}
   (You acquired it on level 6 of the Dungeon)
 L - a +0 plate armour (worn)
Jewellery
 f - a ring of flight (left hand)
 v - the amulet of Pizuezxi (around neck) {rElec Regen+}
   (You found it on level 6 of the Dungeon)

   [amulet of regeneration]

   It insulates you from electricity.
   It increases your rate of regeneration.
 w - a +4 ring of protection (right hand)
Wands
 b - a wand of flame (27/48)
 g - a wand of enslavement (9/24)
 t - a wand of clouds (6/9)
 z - a wand of acid (8/15)
 E - a wand of confusion (30/48)
 O - a wand of digging (10/24)
 R - a wand of polymorph (17/24)
Scrolls
 a - a scroll of magic mapping
 i - 3 scrolls of teleportation
 o - 2 scrolls of fear
 s - 2 scrolls of fog
 G - a scroll of blinking
 P - a scroll of remove curse
Potions
 e - 2 potions of lignification
 j - a potion of brilliance
 l - a potion of ambrosia
 m - 3 potions of agility
 x - 3 potions of invisibility
 A - 3 potions of flight
 F - a potion of cancellation
 I - a potion of curing
Books
 k - a book of Changes

   Spells                             Type                      Level
   a - Beastly Appendage              Transmutation                1
   b - Sticks to Snakes               Transmutation                2
   c - Spider Form                    Transmutation/Poison         3
   d - Ice Form                       Ice/Transmutation            4
   e - Blade Hands                    Transmutation                5
   Trog disapproves of the use of such an item.
Comestibles
 c - 6 bread rations
 J - 6 royal jellies
 K - 4 meat rations
 M - 12 fruits


   Skills:
 + Level 11.5 Fighting
 * Level 15.2 Maces & Flails
 - Level 7.0 Polearms
 - Level 2.4 Armour
 - Level 2.1 Dodging
 + Level 7.6 Shields


You had 10 spell levels left.
You didn't know any spells.

Dungeon Overview and Level Annotations

Branches:
Dungeon (11/15)            Temple (0/1) D:6            Lair (0/6) D:10
    Orc (0/2) D:9

Altars:
Dithmenos
Makhleb
The Shining One
Beogh

Shops:
D:9 %


Innate Abilities, Weirdness & Mutations

You reflexively headbutt those who attack you in melee.
You have a pair of horns on your head.
You possess an exceptional clarity of mind.
Your mind is acute. (Int +2)
Your body sometimes deteriorates upon taking damage.
Your muscles are strong. (Str +2)


Message History

The brown ugly thing trunk-slaps you!
* * * LOW HITPOINT WARNING * * *
You are splashed with acid!
The acid burns!
* * * LOW HITPOINT WARNING * * *
You feel much better. The brown ugly thing trunk-slaps you!
* * * LOW HITPOINT WARNING * * *
You are splashed with acid!
The acid burns!
* * * LOW HITPOINT WARNING * * *
You hit the brown ugly thing but do no damage.
The brown ugly thing looks as sick as possible!
Your headbutt misses the brown ugly thing.
The brown ugly thing is almost dead.
The brown ugly thing completely misses you.
You hit the brown ugly thing but do no damage.
You headbutt the brown ugly thing, but do no damage.
The brown ugly thing is almost dead.
The brown ugly thing trunk-slaps you!
* * * LOW HITPOINT WARNING * * *
The acid corrodes you!
You are splashed with acid!
The acid burns!
You die...

# #. +..########
#.........#########
##.......>..........
......u@............
...###+###..........
#..#####... #..'...#
#..#...# . #..#.......
... #..###.....
.....#######....#.....
.......<........# ....


You could see a brown ugly thing.

Vanquished Creatures
  2 hydras
  4 two-headed ogres
  The ghost of Ymberto the Carver, a novice HOFi of Okawaru (D:8)
  Pikel (D:5)
  A manticore (D:10)
  A troll (D:9)
  Grinder (D:4)
  A hippogriff (D:8)
  2 dream sheep (D:8)
  5 yaks
  Sigmund (D:3)
  Eustachio (D:5)
  A basilisk (D:8)
  2 hungry ghosts
  2 water moccasins
  A hornet zombie (D:10)
  A black bear (D:9)
  2 ice beasts
  An orc warrior (D:8)
  4 sky beasts
  A phantom (D:4)
  4 ogres
  3 centaurs
  Blork the orc (D:5)
  5 big kobolds (D:8)
  5 bullfrogs
  A wyvern zombie (D:8)
  3 scorpions
  A wight (D:8)
  3 howler monkeys (D:8)
  3 crimson imps
  Crazy Yiuf (D:5)
  2 orc priests
  A bullfrog skeleton (D:9)
  3 jellies
  5 orc wizards
  Jessica (D:2)
  3 iguanas
  9 worker ants
  Ijyb (D:3)
  A gnoll (D:1)
  A worker ant zombie (D:10)
  5 adders
  A shadow imp (D:8)
  An ooze (D:5)
  An adder skeleton (D:8)
  2 worms
  2 dart slugs
  6 leopard geckos
  18 orcs
  2 bats
  5 giant cockroaches
  8 goblins
  3 hobgoblins
  11 jackals
  3 quokkas
  6 frilled lizards
  14 kobolds
  A quokka skeleton (D:4)
  A quokka zombie (D:5)
  7 rats
190 creatures vanquished.

Vanquished Creatures (others)
  2 slaves (D:5)
  A worm (D:5)
3 creatures vanquished.

Grand Total: 193 creatures vanquished

Notes
Turn   | Place    | Note
-------+----------+-------------------------------------------
     0 | D:1      | HammerPanzer the Minotaur Berserker began the quest for the Orb.
     0 | D:1      | Reached XP level 1. HP: 19/19 MP: 0/0
   223 | D:1      | Reached skill level 4 in Maces & Flails
   241 | D:1      | Reached XP level 2. HP: 15/27 MP: 1/1
   725 | D:2      | Noticed Jessica
   733 | D:2      | Killed Jessica
   733 | D:2      | Reached skill level 5 in Maces & Flails
   733 | D:2      | Reached XP level 3. HP: 26/33 MP: 2/2
   990 | D:2      | Reached ** piety under Trog
   990 | D:2      | Reached XP level 4. HP: 37/41 MP: 3/3
  1631 | D:3      | Noticed Sigmund
  1641 | D:3      | Killed Sigmund
  1641 | D:3      | Reached skill level 5 in Fighting
  1641 | D:3      | Reached skill level 6 in Maces & Flails
  1641 | D:3      | Reached XP level 5. HP: 32/48 MP: 4/4
  1922 | D:3      | Noticed Ijyb
  1926 | D:3      | Killed Ijyb
  1926 | D:3      | Reached skill level 7 in Maces & Flails
  1926 | D:3      | Reached XP level 6. HP: 44/56 MP: 5/5
  2111 | D:3      | Reached skill level 1 in Polearms
  2407 | D:4      | Found a roughly hewn altar of Beogh.
  2970 | D:4      | Reached XP level 7. HP: 60/63 MP: 6/6
  2996 | D:4      | Noticed Grinder
  2996 | D:4      | Paralysed by Grinder for 6 turns
  3011 | D:4      | Paralysed by Grinder for 6 turns
  3019 | D:4      | Killed Grinder
  3019 | D:4      | Reached skill level 8 in Maces & Flails
  3367 | D:4      | Noticed a hungry ghost
  3373 | D:4      | Killed a hungry ghost
  3767 | D:5      | Entered Level 5 of the Dungeon
  3770 | D:5      | Noticed Pikel
  3773 | D:5      | Killed Pikel
  3773 | D:5      | Reached skill level 9 in Maces & Flails
  3773 | D:5      | Reached XP level 8. HP: 67/73 MP: 7/7
  3790 | D:5      | Noticed Blork the orc
  3795 | D:5      | Killed Blork the orc
  3795 | D:5      | Reached skill level 10 in Maces & Flails
  3832 | D:5      | Reached *** piety under Trog
  3832 | D:5      | Reached skill level 5 in Polearms
  3990 | D:5      | Found a shadowy altar of Dithmenos.
  4001 | D:5      | Noticed Eustachio
  4010 | D:5      | Killed Eustachio
  4181 | D:5      | Found a runed door.
  4185 | D:5      | Noticed Crazy Yiuf
  4189 | D:5      | Killed Crazy Yiuf
  4384 | D:6      | Noticed a five-headed hydra
  4392 | D:6      | Killed an eight-headed hydra
  4392 | D:6      | Reached skill level 11 in Maces & Flails
  4392 | D:6      | Reached XP level 9. HP: 78/82 MP: 8/8
  4543 | D:6      | Got a serpentine steel amulet
  4551 | D:6      | Found a staircase to the Ecumenical Temple.
  4722 | D:6      | Gained mutation: Your body sometimes deteriorates upon taking damage. [mutagenic meat]
  4723 | D:6      | Gained mutation: Your body often deteriorates upon taking damage. [mutagenic meat]
  4726 | D:6      | Gained mutation: Your mind is acute. (Int +2) [mutagenic meat]
  4728 | D:6      | Lost mutation: Your mind is acute. (Int +2) [potion of mutation]
  4728 | D:6      | Gained mutation: Your muscles are strong. (Str +2) [potion of mutation]
  4728 | D:6      | Gained mutation: You possess an exceptional clarity of mind. [potion of mutation]
  4890 | D:6      | Identified 3 scrolls of acquirement
  4913 | D:6      | Identified the amulet of Pizuezxi {rElec Regen+} (You found it on level 6 of the Dungeon)
  4921 | D:7      | Found a burning altar of Makhleb.
  5077 | D:7      | Reached skill level 12 in Maces & Flails
  5290 | D:8      | Noticed a two-headed ogre
  5308 | D:8      | Killed a two-headed ogre
  5327 | D:8      | Reached XP level 10. HP: 92/92 MP: 9/9
  5425 | D:8      | Found a glowing golden altar of the Shining One.
  5445 | D:8      | Noticed Ymberto's ghost (novice HOFi)
  5461 | D:8      | Killed Ymberto's ghost
  5461 | D:8      | Reached skill level 13 in Maces & Flails
  5517 | D:8      | Noticed a two-headed ogre
  5529 | D:8      | Reached skill level 10 in Fighting
  5530 | D:8      | Killed a two-headed ogre
  5530 | D:8      | Reached **** piety under Trog
  5909 | D:8      | Reached skill level 5 in Shields
  6257 | D:8      | Reached skill level 14 in Maces & Flails
  6629 | D:8      | Noticed a two-headed hydra
  6634 | D:8      | Killed a two-headed hydra
  6634 | D:8      | Reached XP level 11. HP: 101/101 MP: 10/10
  6842 | D:8      | Lost mutation: Your body often deteriorates upon taking damage. [mutagenic meat]
  6844 | D:8      | Gained mutation: Your mind is acute. (Int +2) [mutagenic meat]
  6927 | D:9      | Noticed a two-headed ogre
  6937 | D:9      | Killed a two-headed ogre
  7170 | D:9      | Noticed a two-headed ogre
  7181 | D:9      | Killed a two-headed ogre
  7181 | D:9      | Reached skill level 15 in Maces & Flails
  7333 | D:9      | Found Techere's Food Shop.
  7418 | D:9      | Found a staircase to the Orcish Mines.
  7465 | D:10     | Entered Level 10 of the Dungeon
  8069 | D:10     | Found a staircase to the Lair.
  8636 | D:11     | Noticed a brown ugly thing
  8652 | D:11     | HP: 4/102 [brown ugly thing (15)]
  8652 | D:11     | Splashed by a brown ugly thing's acid

Skill      XL: |  1  2  3  4  5  6  7  8  9 10 11 |
---------------+----------------------------------+-----
Maces & Flails | 4 5 6 7 9 11 12 14 15 | 15.2
Fighting       | 4 5 6 7 8 9 10 11 | 11.5
Polearms       | 2 4 6 7 |  7.0
Shields        | 2 6 7 |  7.6
Armour         | |  2.4
Dodging        | |  2.1

Action                   |  1- 3 |  4- 6 |  7- 9 | 10-12 || total
-------------------------+-------+-------+-------+-------++-------
Melee: Mace              |    45 |    31 |    41 |   143 ||   260
       Headbutt          |     2 |    10 |    41 |    74 ||   127
       Flail             |       |     8 |       |       ||     8
       Scythe            |       |    42 |    80 |       ||   122
       Glaive            |       |       |    17 |       ||    17
       Halberd           |       |       |       |   128 ||   128
Throw: Javelin           |       |       |       |     5 ||     5
Invok: Berserk           |     1 |     1 |     5 |     6 ||    13
       Trog's Hand       |       |     1 |       |       ||     1
  Use: Scroll            |     6 |     2 |    13 |     5 ||    26
       Potion            |       |       |     1 |     1 ||     2
  Eat: Chunk             |     1 |     7 |    13 |    22 ||    43
       Meat ration       |       |       |     1 |       ||     1
       Bread ration      |       |       |     1 |       ||     1
       Royal jelly       |       |       |       |     1 ||     1
Armor: Leather armour    |    13 |     3 |       |       ||    16
       Animal skin       |     1 |       |       |       ||     1
       Scale mail        |       |    23 |    47 |       ||    70
       Chain mail        |       |       |    34 |       ||    34
       Plate armour      |       |       |    11 |   199 ||   210
Dodge: Dodged            |    30 |    57 |    70 |    66 ||   223
Block: Buckler           |       |       |    12 |    43 ||    55
       Reflection        |       |       |     1 |     4 ||     5
